 Dungeon Crawl Stone Soup version 0.28-a0-883-gc8d7bad45d (webtiles) character file.

Game seed: 14057111153140127492

71 ytrimaz the Skirmisher (level 4, -2/35 HPs)
             Began as a Demonspawn Fighter on Nov 22, 2021.
             Killed by divine providence
             ... invoked by an orc priest
              (15 damage)
             ... on level 3 of the Dungeon.
             The game lasted 00:01:28 (2955 turns).

ytrimaz the Skirmisher (Demonspawn Fighter)         Turns: 2955, Time: 00:01:29

Health: -2/35      AC:  8    Str: 17    XL:     4   Next: 5%
Magic:  4/4        EV:  9    Int: 10    God:
Gold:   97         SH:  4    Dex: 12    Spells: 3/3 levels left

rFire   . . .      SeeInvis .   a - +0 war axe
rCold   . . .      Faith    .   c - +0 buckler
rNeg    . . .      Spirit   .   b - +0 scale mail
rPois   .          Reflect  .   (no helmet)
rElec   .          Harm     .   (no cloak)
rCorr   .          Rampage  .   (no gloves)
Will    .....                   (no boots)
Stlth   ..........              (no amulet)
HPRegen 0.11/turn               (no ring)
MPRegen 0.09/turn               (no ring)

@: no status effects
A: claws 1, yellow scales 1
a: no special abilities


You were on level 3 of the Dungeon.
You visited 1 branch of the dungeon, and saw 3 of its levels.

You collected 97 gold pieces.

Inventory:

Hand Weapons
 a - a +0 war axe (weapon)
Armour
 b - a +0 scale mail (worn)
 c - a +0 buckler (worn)
Jewellery
 i - a ring of positive energy
Scrolls
 l - a scroll of teleportation
Potions
 d - a potion of might
 e - a potion of magic {unknown}
 f - a potion of heal wounds {unknown}
 g - a potion of haste
 h - a potion of ambrosia {unknown}
 j - a potion of lignification {unknown}


   Skills:
 + Level 3.5 Fighting
 - Level 2.0 Axes
 + Level 3.5 Armour
 + Level 3.1 Shields
 * Level 0.6 Unarmed Combat


You had 3 spell levels left.
You didn't know any spells.
Your spell library was empty.

Dungeon Overview and Level Annotations

Branches:
Dungeon (3/15)

Altars:


Innate Abilities, Weirdness & Mutations

You have sharp fingernails.
You are partially covered in yellow scales. (AC +2)


Message History

Key pressed, stopping explore.
No target in view!
You open the door.
There is an open door here.
Found 28 stones.
Found an escape hatch in the ceiling.
An orc priest comes into view. It is wielding a +0 club.
The orc priest moves out of view.
An orc priest is nearby!
An orc priest is nearby!
An orc priest is nearby!
An orc and an orc priest come into view.
The orc shouts!
The orc priest shouts!
An orc comes into view. It is wielding a +0 flail.
The orc priest moves out of view.
The orc shouts!
You hit the orc priest.
The orc priest is moderately wounded.
An orc priest comes into view. It is wielding a +0 hand axe.
The orc priest hits you but does no damage.
You closely miss the orc priest.
The orc priest is moderately wounded.
The orc priest shouts!
An orc comes into view. It is wielding a +0 hand axe.
You block the orc priest's attack. x2
You barely miss the orc priest.
The orc priest is moderately wounded.
The orc shouts!
The orc priest hits you with a +0 club.
You hit the orc priest but do no damage.
The orc priest is moderately wounded.
The orc priest invokes the aid of Beogh against you.
Pain shoots through your body!
The orc priest looks satisfied for a moment.
The orc sings a few bars from the Orcish anthem.
The orc priest mumbles some strange prayers to Beogh against you.
Beogh smites you!
The orc priest calls down the wrath of Beogh upon you.
Beogh smites you!
You die...

#.# ### #.# ..# #.# #.#
..# #.# ### #.###.# #
#.....# . ##
#.#######.#####.... .##
#..........oooo<...
..###########...@###......
...................'o.....
..###########...####o.....
.## #...(... .... ##
#.###### .. .# #.# . .#
#.# .#### #.# .<..# #.#


You could see 3 orc priests and 3 orcs.

Vanquished Creatures
  3 adders (D:2)
  An adder skeleton (D:2)
  A worm (D:2)
  2 dart slugs
  A bat (D:1)
  2 endoplasms
  4 giant cockroaches
  A goblin (D:2)
  6 hobgoblins
  2 jackals (D:1)
  3 quokkas
  4 ball pythons
  A frilled lizard (D:2)
  A rat (D:2)
32 creatures vanquished.

Notes
Turn   | Place    | Note
-------+----------+-------------------------------------------
     0 | D:1      | ytrimaz the Demonspawn Fighter began the quest for the Orb.
     0 | D:1      | Reached XP level 1. HP: 18/18 MP: 1/1
   387 | D:1      | Gained mutation: You are partially covered in yellow
                  | scales. (AC +2) [demonic ancestry]
   387 | D:1      | Reached XP level 2. HP: 23/24 MP: 2/2
  1091 | D:2      | Gained mutation: You have sharp fingernails. [demonic
                  | ancestry]
  1091 | D:2      | Reached XP level 3. HP: 26/29 MP: 3/3
  2671 | D:3      | Reached XP level 4. HP: 35/35 MP: 4/4
  2955 | D:3      | Killed from afar by an orc priest

Illustrated notes

Levels and vault maps discovered:
D:1:      minmay_arrival_up_and_down, layout_loops_ring, serial_rivers,
          chequers_serial_rivers_room_b, chequers_serial_rivers_room_b,
          chequers_serial_rivers_micro_a, chequers_serial_rivers_small_b,
          minmay_large_rounded_square
D:2:      layout_basic
D:3:      layout_loops_corners, nicolae_tso_swordbearing_angel, uniq_grinder

Skill      XL: |  1  2 |
---------------+-------+-----
Armour         | 3 |  3.5
Axes           | 2 |  2.0
Shields        | 3 |  3.1
Fighting       | |  3.5
Unarmed Combat | |  0.6

Action                   |  1- 3 |  4- 6 || total
-------------------------+-------+-------++-------
Melee: War axe           |    99 |    11 ||   110
  Use: Scroll            |     4 |       ||     4
Armor: Scale mail        |    49 |     2 ||    51
Dodge: Dodged            |    57 |     5 ||    62
Block: Buckler           |    28 |     2 ||    30

Table legend: (Time is in decaauts)
 A = Elapsed time spent in this place.
 B = Non-inter-level travel time spent in this place.
 C = Inter-level travel time spent in this place.
 D = Time resting spent in this place.
 E = Time spent auto-exploring this place.
 F = Levels seen in this place.
 G = Mean time per level.
                   A        B        C        D        E       F      G
               +--------+--------+--------+--------+--------+-----+--------+
         Total |   3006 |   2882 |    124 |    229 |   2343 |   3 | 1002.0 |
       Dungeon |   3006 |   2882 |    124 |    229 |   2343 |   3 | 1002.0 |
               +--------+--------+--------+--------+--------+-----+--------+

Top non-repeatable levels by time:
     D:2: 1647 daAuts
     D:1: 1063 daAuts
     D:3: 295 daAuts
